 Dungeon Crawl Stone Soup version 0.31-a0-229-g1fc7ce93e2 (webtiles) character file.

Game seed: 10161389797566780678

193 funkygono the Covered (level 5, 0/46 HPs)
             Began as a Minotaur Fighter on July 6, 2023.
             Splashed by a jelly's acid (5 damage)
             ... on level 5 of the Dungeon.
             The game lasted 00:03:46 (2661 turns).

funkygono the Covered (Minotaur Fighter)            Turns: 2661, Time: 00:03:46

Health: 0/46       AC: -3    Str: 22    XL:     5   Next: 43%
Magic:  4/4        EV:  6    Int:  5    God:
Gold:   271        SH:  4    Dex: 10    Spells: 4/4 levels left

rFire   . . .        a - +0 war axe
rCold   + . .        c - +0 buckler
rNeg    . . .        p - +0 plate armour
rPois   .            (helmet restricted)
rElec   .            (no cloak)
rCorr   .            (no gloves)
SInv    .            (no boots)
Will    .....        u - amulet of magic regeneration Stlth
                     o - ring of protection from cold
HPRegen 0.27/turn    n - ring of flight
MPRegen 0.49/turn

%: no passive effects
@: corroded, flying
A: horns 2, retaliatory headbutt
a: no special abilities


You were on level 5 of the Dungeon.
You visited 1 branch of the dungeon, and saw 5 of its levels.

You collected 271 gold pieces.

Inventory:

Hand Weapons
 a - a +0 war axe (weapon)
Missiles
 e - 39 stones
 k - 6 boomerangs (quivered)
Armour
 c - a +0 buckler (worn)
 p - a +0 plate armour (worn)
Jewellery
 n - a ring of flight (right hand)
 o - a ring of protection from cold (left hand)
 u - an amulet of magic regeneration (around neck)
Scrolls
 b - a scroll of butterflies {unknown}
 f - 4 scrolls of identify {unknown}
 j - a scroll of brand weapon {unknown}
 l - 2 scrolls of immolation {unknown}
 m - 3 scrolls of teleportation {unknown}
 q - a scroll of fear {unknown}
 s - a scroll of acquirement {unknown}
Potions
 d - a potion of might
 g - 3 potions of curing {unknown}
 h - 2 potions of invisibility {unknown}
 i - 2 potions of mutation {unknown}
 r - a potion of brilliance {unknown}
 t - a potion of lignification {unknown}


   Skills:
 + Level 4.2 Fighting
 + Level 4.2 Axes
 + Level 5.0 Armour
 + Level 1.1 Dodging
 + Level 0.4 Stealth
 + Level 4.6 Shields


You had 4 spell levels left.
You didn't know any spells.
Your spell library contained the following spells:

 Spells                   Type           Power      Damage    Failure   Level
 Slow                     Hex            0%         N/A       100%        1
 Confusing Touch          Hex            0%         N/A       100%        3
 Vampiric Draining        Necr           0%         2d6       100%        3


Dungeon Overview and Level Annotations

Branches:
Dungeon (5/15)
 Temple: D:4-7

Altars:
Ashenzari
Cheibriados
Hepliaklqana
Kikubaaqudgha
Sif Muna
Trog

Shops:
D:1 [


Innate Abilities, Weirdness & Mutations

You have a pair of horns on your head.
You reflexively headbutt those who attack you in melee.


Message History

u - an amulet of magic regeneration (around neck)
You see here a +0 whip.
There is an open door here.
Done exploring.
Done exploring.
Okay, then.
Search for what [Enter for "stone", or ? for help]? armour
(D) Dungeon
Where to? (Enter - D:4, ? - help)
What level of the Dungeon? (default 1, ? - help)
There is a stone staircase leading down here.
You fly downwards.
You hear the sound of rushing water.
There is an entrance to a sewer on this level.
Hurry and find it before the portal rusts away!
The jelly quivers.
Found 9 gold pieces.
There is a stone staircase leading up here.
You barely miss the jelly. You block the jelly's attack.
You hit the jelly. The acid corrodes you!
Your hands burn!
The jelly is heavily wounded.
The jelly hits you. The acid corrodes you!
You are splashed with acid!
You hit the jelly but do no damage. The acid corrodes you!
Your hands burn!
You headbutt the jelly, but do no damage.
The jelly is heavily wounded.
You block the jelly's attack.
You hit the jelly but do no damage. The acid corrodes you!
Your hands burn!
The jelly is heavily wounded.
The jelly completely misses you. The jelly hits you. The acid corrodes you!
You are splashed with acid!
You hit the jelly but do no damage.
Your hands burn!
You headbutt the jelly.
The jelly is almost dead.
You block the jelly's attack.
You hit the jelly but do no damage.
Your hands burn!
The jelly is almost dead.
The jelly hits you.
* * * LOW HITPOINT WARNING * * *
The acid corrodes you!
You are splashed with acid!
* * * LOW HITPOINT WARNING * * *
You hit the jelly but do no damage.
Your hands burn!
You die...

.... ....... ...
... .. ...
##+##. ...
#....##.#
#..J....#.#
...#..@......##
........<.......
.......#........
.......#.....⌠..
.......#........
..............P.
#.............~≈
#......##.......
.......


You could see a jelly.

Vanquished Creatures
  A scorpion (D:4)
  A hound (D:4)
  2 adders
  3 gnolls (D:4)
  4 worms
  5 orcs
  4 bats
  2 endoplasms
  2 giant cockroaches
  5 goblins
  3 hobgoblins
  6 quokkas
  2 ball pythons
  2 frilled lizards
  A kobold (D:1)
  2 rats (D:1)
45 creatures vanquished.

Notes
Turn   | Place    | Note
-------+----------+-------------------------------------------
     0 | D:1      | funkygono the Minotaur Fighter began the quest for the Orb.
     0 | D:1      | Reached XP level 1. HP: 19/19 MP: 0/0
   226 | D:1      | Reached XP level 2. HP: 27/27 MP: 1/1
   300 | D:1      | Reached skill level 4 in Armour
   308 | D:1      | Found Cuviyzoi's Armour Shop.
   896 | D:2      | Found an ancient bone altar of Kikubaaqudgha.
   998 | D:2      | Reached XP level 3. HP: 24/33 MP: 2/2
  1602 | D:3      | Found a hazy altar of Hepliaklqana.
  1858 | D:3      | Found a snail-covered altar of Cheibriados.
  2075 | D:4      | Noticed a scorpion
  2091 | D:4      | Killed a scorpion
  2092 | D:4      | Reached XP level 4. HP: 31/40 MP: 3/3
  2148 | D:4      | Found a shimmering blue altar of Sif Muna.
  2177 | D:4      | Reached skill level 1 in Dodging
  2177 | D:4      | Reached XP level 5. HP: 46/46 MP: 4/4
  2322 | D:4      | Found a broken altar of Ashenzari.
  2458 | D:4      | Found a bloodstained altar of Trog.
  2607 | D:4      | Reached skill level 5 in Armour
  2653 | D:5      | Entered Level 5 of the Dungeon
  2661 | D:5      | Splashed by a jelly's acid

Illustrated notes

Levels and vault maps discovered:
D:1:      dpeg_arrival_brainrot, layout_basic, serial_shops,
          nicolae_shop_peninsula
D:2:      wad_lake_hut, layout_basic, basic_altar
D:3:      layout_loops_ring, nzn_hepliaklqana_mist_gate, amcnicky_altar_gilded
D:4:      layout_rooms, nicolae_sif_muna_little_library, trog_butcher_becter,
          nicolae_ashenzari_skybound, dk_noncrumbling_4
D:5:      layout_basic, tso_oasis_becter,
          nicolae_uskayaw_murder_on_the_dancefloor, portal_sewer_entry_f

Skill      XL: |  1  2  3  4  5 |
---------------+----------------+-----
Shields        | 4 |  4.6
Armour         | 4 5 |  5.0
Fighting       | 4 |  4.2
Axes           | 3 4 |  4.2
Dodging        | 1 |  1.1
Stealth        | |  0.4

Action                     |  1- 3 |  4- 6 || total
---------------------------+-------+-------++-------
  Melee: War axe           |    74 |    43 ||   117
         Headbutt          |    13 |     7 ||    20
 Armour: Scale mail        |    17 |       ||    17
         Plate armour      |     9 |    27 ||    36
         Chain mail        |     1 |       ||     1
  Dodge: Dodged            |    23 |     7 ||    30
  Block: Buckler           |    18 |    13 ||    31

Table legend: (Time is in decaauts)
 A = Elapsed time spent in this place.
 B = Non-inter-level travel time spent in this place.
 C = Inter-level travel time spent in this place.
 D = Time resting spent in this place.
 E = Time spent auto-exploring this place.
 F = Levels seen in this place.
 G = Mean time per level.
                   A        B        C        D        E       F      G
               +--------+--------+--------+--------+--------+-----+--------+
         Total |   2756 |   2623 |    133 |      0 |   2175 |   5 |  551.2 |
       Dungeon |   2756 |   2623 |    133 |      0 |   2175 |   5 |  551.2 |
               +--------+--------+--------+--------+--------+-----+--------+

Top non-repeatable levels by time:
     D:2: 908 daAuts
     D:3: 690 daAuts
     D:4: 593 daAuts
     D:1: 554 daAuts
     D:5: 9 daAuts
